TOP OF THE 1ST |
New Hampshire Fisher Cats batting - Pitching for Corpus Christi Hooks : RHP Andy Harrigan
|
Pitching: RHP Andy Harrigan
|
|
Batting: RHB Tokuji Kawabata
|
0-0: Called Strike 0-1: Swinging Strike 0-2: Foul Ball, location: 2F 0-2: Ball 1-2: Strikes out swinging
|
Batting: RHB Stephen Casteel
|
0-0: Called Strike 0-1: Ball 1-1: Ground out 4-3 (Groundball, 4, EV 93.1 MPH)
|
Batting: RHB Bill Murray
|
0-0: Foul Ball, location: 2F 0-1: Called Strike 0-2: Foul Ball, location: 2F 0-2: Ball 1-2: Strikes out swinging
|
Top of the 1st over - 0 runs, 0 hits, 0 errors, 0 left on base; New Hampshire 0 - Corpus Christi 0 |
BOTTOM OF THE 1ST |
Corpus Christi Hooks batting - Pitching for New Hampshire Fisher Cats : RHP Jeremy Thomsen
|
Pitching: RHP Jeremy Thomsen
|
|
Batting: RHB Ben Hoffman
|
0-0: Called Strike 0-1: Ball 1-1: Ball 2-1: Fly out, F6 (Line Drive, 6, EV 60.6 MPH)
|
Batting: RHB Mark Cahill
|
0-0: Foul Ball, location: 2F 0-1: Called Strike 0-2: Strikes out swinging
|
Batting: LHB Mitchell Casey
|
0-0: Ball 1-0: Ball 2-0: Called Strike 2-1: Foul Ball, location: 2F 2-2: Foul Ball, location: 2F 2-2: DOUBLE (Line Drive, 8RXD, EV 101.2 MPH)
|
Batting: LHB Chris Cabrera
|
0-0: Called Strike 0-1: Ball 1-1: Ball 2-1: Ball 3-1: Base on Balls
|
Batting: LHB Josh Birkner
|
0-0: Ball 1-0: SINGLE (Line Drive, 4D, EV 100.0 MPH) Mitchell Casey to third Chris Cabrera to second Runner from 3rd tries for Home, SAFE, throw by CF to home
|
Batting: RHB Masaru Konno
|
0-0: Called Strike 0-1: Foul Ball, location: 2F 0-2: Ball 1-2: Ball 2-2: Fly out, F3 (Line Drive, 34, EV 68.8 MPH)
|
Bottom of the 1st over - 1 run, 2 hits, 0 errors, 2 left on base; New Hampshire 0 - Corpus Christi 1 |
TOP OF THE 2ND |
New Hampshire Fisher Cats batting - Pitching for Corpus Christi Hooks : RHP Andy Harrigan
|
Batting: RHB Justin Geiger
|
0-0: Ball 1-0: Swinging Strike 1-1: Called Strike 1-2: Strikes out swinging
|
Batting: LHB Kurt Estep
|
0-0: Swinging Strike 0-1: SINGLE (Groundball, 34D, EV 100.6 MPH) (infield hit)
|
Batting: RHB Kai Stoyle
|
0-0: Ball Kurt Estep steals 2nd base 1-0: Called Strike Kurt Estep steals 3rd base 1-1: Called Strike 1-2: Foul Ball, location: 2F 1-2: TRIPLE (Flyball, 8RXD, EV 94.4 MPH) Kurt Estep scores
|
Batting: RHB Chris Martin
|
0-0: Called Strike 0-1: Called Strike 0-2: Foul Ball, location: 2F 0-2: Ball 1-2: Ball 2-2: Ball 3-2: Base on Balls
|
Batting: RHB Bobby Lasaguna
|
0-0: Called Strike 0-1: Foul Ball, location: 2F 0-2: Ball 1-2: Ball 2-2: Strikes out swinging
|
Batting: RHB Justin Powell
|
0-0: Ball 1-0: Called Strike 1-1: Foul Ball, location: 2F 1-2: Foul Ball, location: 2F 1-2: Ball 2-2: Strikes out swinging
|
Top of the 2nd over - 1 run, 2 hits, 0 errors, 2 left on base; New Hampshire 1 - Corpus Christi 1 |
BOTTOM OF THE 2ND |
Corpus Christi Hooks batting - Pitching for New Hampshire Fisher Cats : RHP Jeremy Thomsen
|
Batting: LHB John Wagner
|
0-0: Ball 1-0: Ball 2-0: Ball 3-0: Foul Ball, location: 2F 3-1: Base on Balls
|
Batting: RHB Alex Campos
|
0-0: Called Strike John Wagner is caught stealing 2nd base 2-4 0-1: Called Strike 0-2: Strikes out swinging
|
Batting: RHB Derek Moran
|
0-0: SINGLE (Line Drive, 89S, EV 100.6 MPH)
|
Batting: RHB Ben Hoffman
|
0-0: Called Strike 0-1: Swinging Strike 0-2: Ball 1-2: Ball 2-2: Ground out 6-3 (Groundball, 56, EV 103.8 MPH)
|
Bottom of the 2nd over - 0 runs, 1 hit, 0 errors, 1 left on base; New Hampshire 1 - Corpus Christi 1 |
TOP OF THE 3RD |
New Hampshire Fisher Cats batting - Pitching for Corpus Christi Hooks : RHP Andy Harrigan
|
Batting: RHB Tokuji Kawabata
|
0-0: Foul Ball, location: 2F 0-1: SINGLE (Groundball, 4M, EV 89.4 MPH) (infield hit)
|
Batting: RHB Stephen Casteel
|
0-0: Swinging Strike 0-1: Foul Ball, location: 2F 0-2: Grounds into double play, 4-6-3 (Groundball, 4, EV 80.0 MPH)
|
Batting: RHB Bill Murray
|
0-0: Ball 1-0: Ball 2-0: Ball 3-0: Called Strike 3-1: Base on Balls
|
Batting: RHB Justin Geiger
|
0-0: Called Strike 0-1: Fly out, F7 (Flyball, 78M, EV 75.0 MPH)
|
Top of the 3rd over - 0 runs, 1 hit, 0 errors, 1 left on base; New Hampshire 1 - Corpus Christi 1 |
BOTTOM OF THE 3RD |
Corpus Christi Hooks batting - Pitching for New Hampshire Fisher Cats : RHP Jeremy Thomsen
|
Batting: RHB Mark Cahill
|
0-0: Ball 1-0: Foul Ball, location: 2F 1-1: Swinging Strike 1-2: Strikes out swinging
|
Batting: LHB Mitchell Casey
|
0-0: Called Strike 0-1: Ball 1-1: Swinging Strike 1-2: DOUBLE (Flyball, 89D, EV 97.5 MPH)
|
Batting: LHB Chris Cabrera
|
0-0: Foul Ball, location: 2F 0-1: Foul Ball, location: 2F 0-2: Foul Ball, location: 2F 0-2: Ball 1-2: Foul Ball, location: 2F 1-2: Ground out 3-1 (Groundball, 34, EV 102.5 MPH) Mitchell Casey to third
|
Batting: LHB Josh Birkner
|
0-0: Ball 1-0: Swinging Strike 1-1: Foul Ball, location: 2F 1-2: Ball 2-2: Ground out 4-3 (Groundball, 4S, EV 66.2 MPH)
|
Bottom of the 3rd over - 0 runs, 1 hit, 0 errors, 1 left on base; New Hampshire 1 - Corpus Christi 1 |
TOP OF THE 4TH |
New Hampshire Fisher Cats batting - Pitching for Corpus Christi Hooks : RHP Andy Harrigan
|
Batting: LHB Kurt Estep
|
0-0: Ground out 6-3 (Groundball, 6, EV 85.0 MPH)
|
Batting: RHB Kai Stoyle
|
0-0: Called Strike 0-1: Ball 1-1: Foul Ball, location: 2F 1-2: Strikes out swinging
|
Batting: RHB Chris Martin
|
0-0: Ground out 4-3 (Groundball, 4, EV 78.1 MPH)
|
Top of the 4th over - 0 runs, 0 hits, 0 errors, 0 left on base; New Hampshire 1 - Corpus Christi 1 |
BOTTOM OF THE 4TH |
Corpus Christi Hooks batting - Pitching for New Hampshire Fisher Cats : RHP Jeremy Thomsen
|
Batting: RHB Masaru Konno
|
0-0: Ball 1-0: Foul Ball, location: 2F 1-1: Foul Ball, location: 2F 1-2: Ground out 5-3 (Groundball, 56, EV 107.5 MPH)
|
Batting: LHB John Wagner
|
0-0: Called Strike 0-1: Ball 1-1: Ball 2-1: Called Strike 2-2: Ball 3-2: Foul Ball, location: 2F 3-2: Ground out 4-3 (Groundball, 4, EV 87.5 MPH)
|
Batting: RHB Alex Campos
|
0-0: Ball 1-0: Foul Ball, location: 2F 1-1: Ball 2-1: Fly out, F8 (Flyball, 8LM, EV 86.2 MPH)
|
Bottom of the 4th over - 0 runs, 0 hits, 0 errors, 0 left on base; New Hampshire 1 - Corpus Christi 1 |
TOP OF THE 5TH |
New Hampshire Fisher Cats batting - Pitching for Corpus Christi Hooks : RHP Andy Harrigan
|
Batting: RHB Bobby Lasaguna
|
0-0: Ball 1-0: Ball 2-0: Called Strike 2-1: Fly out, F8 (Flyball, 8RS, EV 82.5 MPH)
|
Batting: RHB Justin Powell
|
0-0: Called Strike 0-1: Ball 1-1: Called Strike 1-2: Ball 2-2: Strikes out swinging
|
Batting: RHB Tokuji Kawabata
|
0-0: Foul Ball, location: 2F 0-1: Fly out, F9 (Flyball, 9D, EV 82.5 MPH)
|
Top of the 5th over - 0 runs, 0 hits, 0 errors, 0 left on base; New Hampshire 1 - Corpus Christi 1 |
BOTTOM OF THE 5TH |
Corpus Christi Hooks batting - Pitching for New Hampshire Fisher Cats : RHP Jeremy Thomsen
|
Batting: RHB Derek Moran
|
0-0: Ball 1-0: SINGLE (Line Drive, 4D, EV 95.0 MPH)
|
Batting: RHB Ben Hoffman
|
0-0: Ball 1-0: Ball 2-0: Fly out, F9 (Flyball, 9, EV 79.4 MPH)
|
Batting: RHB Mark Cahill
|
0-0: Called Strike 0-1: Fly out, F7 (Line Drive, 7LM, EV 88.8 MPH)
|
Batting: LHB Mitchell Casey
|
0-0: Ball 1-0: Called Strike Derek Moran is caught stealing 2nd base 2-6
|
Bottom of the 5th over - 0 runs, 1 hit, 0 errors, 0 left on base; New Hampshire 1 - Corpus Christi 1 |
TOP OF THE 6TH |
New Hampshire Fisher Cats batting - Pitching for Corpus Christi Hooks : RHP Andy Harrigan
|
Batting: RHB Stephen Casteel
|
0-0: Ball 1-0: Fly out, F8 (Line Drive, 8LM, EV 103.1 MPH)
|
Batting: RHB Bill Murray
|
0-0: Swinging Strike 0-1: Swinging Strike 0-2: Ball 1-2: Foul Ball, location: 2F 1-2: Strikes out looking
|
Batting: RHB Justin Geiger
|
0-0: Ball 1-0: Ground out 6-3 (Groundball, 6, EV 103.8 MPH)
|
Top of the 6th over - 0 runs, 0 hits, 0 errors, 0 left on base; New Hampshire 1 - Corpus Christi 1 |
BOTTOM OF THE 6TH |
Corpus Christi Hooks batting - Pitching for New Hampshire Fisher Cats : RHP Jeremy Thomsen
|
Batting: LHB Mitchell Casey
|
0-0: Called Strike 0-1: Fly out, F8 (Line Drive, 8LD, EV 93.8 MPH)
|
Batting: LHB Chris Cabrera
|
0-0: Foul Ball, location: 2F 0-1: Ball 1-1: Reached on error, E4 (Groundball, 4, EV 79.4 MPH)
|
Batting: LHB Josh Birkner
|
0-0: Called Strike 0-1: SINGLE (Groundball, 4MD, EV 100.0 MPH) Chris Cabrera to third
|
Batting: RHB Masaru Konno
|
0-0: Called Strike Josh Birkner is caught stealing 2nd base 2-4 0-1: Foul Ball, location: 2F 0-2: SINGLE (Line Drive, 8RS, EV 106.2 MPH) Chris Cabrera scores
|
Batting: LHB John Wagner
|
0-0: Swinging Strike 0-1: Called Strike Masaru Konno is caught stealing 2nd base 2-6
|
Bottom of the 6th over - 1 run, 2 hits, 1 error, 0 left on base; New Hampshire 1 - Corpus Christi 2 |
TOP OF THE 7TH |
New Hampshire Fisher Cats batting - Pitching for Corpus Christi Hooks : RHP Andy Harrigan
|
Batting: LHB Kurt Estep
|
0-0: Ball 1-0: Swinging Strike 1-1: Swinging Strike 1-2: Ball 2-2: Ground out 4-3 (Groundball, 4, EV 81.9 MPH)
|
Batting: RHB Kai Stoyle
|
0-0: Ball 1-0: Foul Ball, location: 2F 1-1: Called Strike 1-2: Foul Ball, location: 2F 1-2: Strikes out looking
|
Batting: RHB Chris Martin
|
0-0: Ball 1-0: Called Strike 1-1: Swinging Strike 1-2: Strikes out swinging, 2-3 out at first.
|
Top of the 7th over - 0 runs, 0 hits, 0 errors, 0 left on base; New Hampshire 1 - Corpus Christi 2 |
BOTTOM OF THE 7TH |
Corpus Christi Hooks batting - Pitching for New Hampshire Fisher Cats : RHP Jeremy Thomsen
|
Batting: LHB John Wagner
|
0-0: Ball 1-0: Called Strike 1-1: Ball 2-1: Ball 3-1: Ground out 5-3 (Groundball, 56, EV 87.5 MPH)
|
Batting: RHB Alex Campos
|
0-0: Ball 1-0: Ball 2-0: Called Strike 2-1: Fly out, F9 (Flyball, 9LS, EV 91.9 MPH)
|
Batting: RHB Derek Moran
|
0-0: Swinging Strike 0-1: Ball 1-1: Ball 2-1: DOUBLE (Line Drive, 3D, EV 98.1 MPH)
|
Batting: RHB Ben Hoffman
|
0-0: Called Strike 0-1: SINGLE (Groundball, 6M, EV 101.9 MPH) (infield hit) Derek Moran to third
|
Pitching: RHP Scott Olson
|
|
Batting: RHB Mark Cahill
|
0-0: Called Strike Ben Hoffman steals 2nd base (no throw) 0-1: Called Strike 0-2: Ball 1-2: Ground out 6-3 (Groundball, 4M, EV 88.8 MPH)
|
Bottom of the 7th over - 0 runs, 2 hits, 0 errors, 2 left on base; New Hampshire 1 - Corpus Christi 2 |
TOP OF THE 8TH |
New Hampshire Fisher Cats batting - Pitching for Corpus Christi Hooks : RHP Andy Harrigan
|
Batting: RHB Bobby Lasaguna
|
0-0: Ball 1-0: Ball 2-0: Foul Ball, location: 2F 2-1: Ground out 4-3 (Groundball, 4, EV 110.0 MPH)
|
Batting: RHB Justin Powell
|
0-0: Ball 1-0: Ground out 5-3 (Groundball, 5, EV 103.1 MPH)
|
Pinch Hitting: LHB Rodrigo Briceno
|
0-0: Ball 1-0: SINGLE (Line Drive, 6D, EV 98.8 MPH)
|
Pitching: RHP Elroy Meulenkamp
|
|
Pinch Hitting: LHB Eddie Muniz
|
0-0: Ball 1-0: Foul Ball, location: 2F 1-1: Ball Passed Ball! Rodrigo Briceno to second 2-1: Swinging Strike 2-2: Strikes out swinging
|
Top of the 8th over - 0 runs, 1 hit, 0 errors, 1 left on base; New Hampshire 1 - Corpus Christi 2 |
BOTTOM OF THE 8TH |
Corpus Christi Hooks batting - Pitching for New Hampshire Fisher Cats : RHP Scott Olson
|
Pitching: LHP Antonio Villarreal
|
|
Now at 1B: Rodrigo Briceno
|
|
Now at 2B: Chris Martin
|
|
Now at 3B: Kirk Seiffert
|
|
Batting: LHB Mitchell Casey
|
0-0: Called Strike 0-1: Foul Ball, location: 2F 0-2: Strikes out looking
|
Batting: LHB Chris Cabrera
|
0-0: Called Strike 0-1: Ball 1-1: Called Strike 1-2: Strikes out looking
|
Batting: LHB Josh Birkner
|
0-0: Foul Ball, location: 2F 0-1: Ball 1-1: Ball 2-1: Ball 3-1: Called Strike 3-2: Ground out 4-3 (Groundball, 4, EV 82.5 MPH)
|
Bottom of the 8th over - 0 runs, 0 hits, 0 errors, 0 left on base; New Hampshire 1 - Corpus Christi 2 |
TOP OF THE 9TH |
New Hampshire Fisher Cats batting - Pitching for Corpus Christi Hooks : RHP Elroy Meulenkamp
|
Pitching: RHP Gerardo Huerta
|
|
Batting: RHB Bill Murray
|
0-0: SINGLE (Flyball, 89S, EV 100.0 MPH)
|
Batting: RHB Justin Geiger
|
0-0: Ball 1-0: Ball 2-0: Ball 3-0: Called Strike 3-1: Foul Ball, location: 2F 3-2: Grounds into double play, 6-4-3 (Groundball, 6, EV 85.0 MPH)
|
Batting: LHB Kurt Estep
|
0-0: Ball 1-0: Called Strike 1-1: Ball 2-1: Foul Ball, location: 2F 2-2: Ball 3-2: Strikes out swinging
|
Top of the 9th over - 0 runs, 1 hit, 0 errors, 0 left on base; New Hampshire 1 - Corpus Christi 2 |
|